 Dungeon Crawl Stone Soup version 0.31-a0-198-g2ad674f65e (webtiles) character file.

Game seed: 17828610112085332407

121 qw the Skirmisher (level 4, -3/25 HPs)
             Began as a Deep Elf Hunter on June 25, 2023.
             Blown up by Ijyb (18 damage)
             ... with a mindburst bolt
             ... on level 3 of the Dungeon.
             The game lasted 00:00:37 (1778 turns).

qw the Skirmisher (Deep Elf Hunter)                 Turns: 1778, Time: 00:00:38

Health: -3/25      AC:  6    Str: 14    XL:     4   Next: 76%
Magic:  6/6        EV: 11    Int: 14    God:
Gold:   103        SH:  0    Dex: 18    Spells: 3/3 levels left

rFire   . . .        Y - +0 shortbow
rCold   . . .        (shield currently unavailable)
rNeg    . . .        j - +0 ring mail
rPois   +            (no helmet)
rElec   .            a - +0 cloak "Woh Ute" {Str+4}
rCorr   .            (no gloves)
SInv    .            (no boots)
Will    .....        (no amulet)
Stlth   +            e - ring of poison resistance
HPRegen 0.24/turn    (no ring)
MPRegen 0.10/turn

%: no passive effects
@: no status effects
A: no striking features
a: no special abilities


You were on level 3 of the Dungeon.
You visited 1 branch of the dungeon, and saw 3 of its levels.

You collected 103 gold pieces.


   Skills:
 - Level 1.5 Fighting
 + Level 8.2 Ranged Weapons
 - Level 2.4 Dodging
 - Level 1.2 Stealth


You had 3 spell levels left.
You didn't know any spells.
Your spell library was empty.

Inventory:

Hand Weapons
 Y - a +0 shortbow (weapon)
Armour
 a - the +0 cloak "Woh Ute" (worn) {Str+4}
   (You acquired it on level 1 of the Dungeon)

   Str:       It affects your strength (+4).
 j - a +0 ring mail (worn)
Jewellery
 e - a ring of poison resistance (left hand)
 k - an amulet of regeneration
Scrolls
 c - a scroll of brand weapon {unknown}
 h - a scroll of vulnerability {unknown}
 i - a scroll of identify
Potions
 b - 3 potions of mutation {unknown}
 d - a potion of might {unknown}
 f - a potion of curing {unknown}
 g - 2 potions of haste

Dungeon Overview and Level Annotations

Branches:
Dungeon (3/15)

Altars:

Shops:
D:2 (

Annotations:
D:3 Ijyb


Message History

Found a quarterstaff.
Enter note:
Enter note:
Enter note:
Enter note:
Enter note:
Enter note: You now have 103 gold pieces (gained 5).
Ijyb and a frilled lizard come into view.
Ijyb is wielding a +0 dagger and carrying a wand of mindburst (20).
Ijyb shouts!
The frilled lizard hisses angrily.
An adder comes into view.
Enter note:
Enter note:
Enter note:
Enter note:
Enter note:
Enter note: You shoot an arrow.
The adder hisses angrily.
The arrow hits the frilled lizard!
You kill the frilled lizard!
You shoot an arrow. The arrow hits Ijyb but does no damage.
You shoot an arrow. The arrow barely misses Ijyb.
Ijyb zaps a wand.
Your mind is blasted!
You shoot an arrow. The arrow hits Ijyb but does no damage.
You shoot an arrow. The arrow misses Ijyb.
The adder bites you but does no damage. The adder barely misses you.
Ijyb zaps a wand.
You barely resist. You shoot an arrow. The arrow hits Ijyb.
Ijyb is lightly wounded.
The adder closely misses you. Ijyb closely misses you.
You shoot an arrow. The arrow barely misses Ijyb.
The adder closely misses you. Ijyb hits you but does no damage.
The adder bites you but does no damage.
You shoot an arrow. The arrow hits Ijyb but does no damage.
Ijyb is lightly wounded.
The adder bites you.
Ijyb zaps a wand.
Your mind is blasted!
Ouch! That really hurt!
You die...

.....#
#.#.........).#.#
.....#
#......###.####.#
.....# ###.####
#.)....# .....#
#.# ########
.....# #####.#
.....# .. ...#.#
.....#
....###^#.#
.....#
......g...#
.....#
....###@###
###### ......S.#
...######


You could see Ijyb and an adder.

Vanquished Creatures
  2 orc priests (D:3)
  An adder (D:2)
  2 orcs (D:3)
  9 ball pythons
  8 bats
  3 endoplasms
  2 giant cockroaches
  2 hobgoblins (D:1)
  3 jackals (D:2)
  A kobold (D:1)
  4 quokkas (D:1)
  2 frilled lizards
  3 goblins
  5 rats
47 creatures vanquished.

Notes
Turn   | Place    | Note
-------+----------+-------------------------------------------
     0 | D:1      | qw the Deep Elf Hunter began the quest for the Orb.
     0 | D:1      | Reached XP level 1. HP: 12/12 MP: 3/3
     0 | D:1      | 0 ||| qw: Version: 0.3-a-22-g0ed2b0b
     0 | D:1      | 0 ||| qw: Game counter: 5011
     0 | D:1      | 0 ||| qw: Melee chars always use a shield: true
     0 | D:1      | 0 ||| qw: God list: Okawaru
     0 | D:1      | 0 ||| qw: Allow faded altars: false
     0 | D:1      | 0 ||| qw: Do Orc after clearing Dungeon:15 true
     0 | D:1      | 0 ||| qw: Do second Lair branch before Depths: true
     0 | D:1      | 0 ||| qw: Lair rune preference: random
     0 | D:1      | 0 ||| qw: Goals: Normal
     0 | D:1      | 0 ||| PLANNING D:1-11
    69 | D:1      | Reached XP level 2. HP: 16/16 MP: 4/4
   130 | D:1      | Found a faded altar of an unknown god.
   135 | D:1      | Reached skill level 6 in Ranged Weapons
   598 | D:1      | Reached XP level 3. HP: 20/20 MP: 5/5
   659 | D:1      | 659 ||| UPGRADING to +0 scale mail.
   669 | D:1      | 669 ||| DROPPING +0 leather armour.
   670 | D:1      | 670 ||| UPGRADING to +0 ring mail.
   680 | D:1      | 680 ||| DROPPING +0 scale mail.
   681 | D:1      | 681 ||| UPGRADING to ring of poison resistance.
   682 | D:1      | 682 ||| READING scroll labelled ININORGH KITHRUIH.
   682 | D:1      | Identified a scroll of acquirement
   682 | D:1      | 682 ||| ACQUIRING +0 cloak "Woh Ute" {Str+4}
   682 | D:1      | Acquired the +0 cloak "Woh Ute" {Str+4}
   684 | D:1      | 684 ||| UPGRADING to +0 cloak "Woh Ute" {Str+4}.
   689 | D:1      | 689 ||| READING scroll labelled ERCHEOCEK ZUDOXA.
   790 | D:1      | 790 ||| READING 2 scrolls labelled TINUNI ITIPTAE.
   791 | D:1      | 791 ||| DROPPING scroll of butterflies.
   792 | D:1      | 792 ||| DROPPING scroll of fog.
  1088 | D:2      | Reached skill level 7 in Ranged Weapons
  1244 | D:2      | Found Ahof's Weapon Shoppe.
  1322 | D:2      | 1322 ||| DROPPING +6 ring of intelligence.
  1323 | D:2      | 1323 ||| READING scroll labelled CAIDWE HIERCH.
  1324 | D:2      | 1324 ||| READING scroll labelled QIEWAW FAN.
  1325 | D:2      | 1325 ||| READING scroll labelled OTUAPR WIXTIL.
  1326 | D:2      | 1326 ||| DRINKING 3 golden potions.
  1708 | D:3      | Reached XP level 4. HP: 25/25 MP: 6/6
  1716 | D:3      | Reached skill level 8 in Ranged Weapons
  1770 | D:3      | Noticed Ijyb
  1778 | D:3      | Blown up by Ijyb

Levels and vault maps discovered:
D:1:      minmay_arrival_hallway, layout_loops_cross,
          ebering_ecumenical_altar_mist
D:2:      layout_basic, serial_shops, nicolae_shop_trees
D:3:      layout_basic, minmay_misc_feat_room, nicolae_figureground_pulse,
          uniq_ijyb

Skill      XL: |  1  2  3  4 |
---------------+-------------+-----
Ranged Weapons | 6 7 8 |  8.2
Fighting       | |  1.5
Dodging        | |  2.4
Stealth        | |  1.2

Action                     |  1- 3 |  4- 6 || total
---------------------------+-------+-------++-------
   Fire: Shortbow          |    99 |    16 ||   115
    Use: Scroll            |     6 |       ||     6
         Potion            |     1 |       ||     1
 Armour: Leather armour    |     3 |       ||     3
         Ring mail         |    12 |     3 ||    15
  Dodge: Dodged            |    26 |     7 ||    33

Table legend:
 A = Non-vault XP
 B = Vault XP
 C = Vault XP percentage of total XP
 D = Non-vault monster count
 E = Vault monster count
 F = Vault count percentage of total count
                 A         B        C        D         E       F
            +---------+---------+-------+---------+---------+-------
      Total |     173 |       0 |   0.0 |      47 |       0 |   0.0
            +---------+---------+-------+---------+---------+-------
        D:1 |      41 |       0 |   0.0 |      25 |       0 |   0.0
        D:2 |      29 |       0 |   0.0 |      11 |       0 |   0.0
        D:3 |     103 |       0 |   0.0 |      11 |       0 |   0.0
            +---------+---------+-------+---------+---------+-------
